cohdb
Replays
Latest Replays
All Replays
Popular Replays
Top Player Replays
Match Explorer
How It Works
Community
CoH3 Stats
Reddit
Sign in to upload your games and track your stats! →
Sign in with Steam
Match 43416627
Unlisted
Match 43416627
Overview
Messages
Build Orders
End
Vickers Machine Gun Team
Construct Section Command Post
ML 3-inch Mortar Team
Selects Air and Sea Battlegroup
Vickers Machine Gun Team
Construct Platoon Command Post
Selects Supply Surplus
Construct Resource Cache
Construct Resource Cache
Humber Armored Car
Construct Resource Cache
Construct Resource Cache
Construct Field Infirmary
Selects Commando Section Paradrop
Commando Section Paradrop
Construct Field Infirmary
Construct Resource Cache
Royal Engineer Section
Selects UNKNOWN (223837)
Construct Company Command Post
Construct Resource Cache
Unlock M3 Grant Medium Tanks
Construct Resource Cache
Construct Resource Cache
M3 Grant Medium Tank
M3 Grant Medium Tank
Royal Engineer Section
M3 Grant Medium Tank
Selects Naval Bombardment
Naval Bombardment
Commando Section Paradrop
M3 Grant Medium Tank
Selects M1 Pack Howitzer Paradrop
Construct Resource Cache
Construct Resource Cache
Selects Anti-tank Rocket Loiter
Anti-tank Rocket Loiter
Grubby丶M
DaRtH VaDeRX2020
MZMZ
jerjawe
Ycraes
iUseSporks
一半的橘子
ggbilli
0
0
Comments
sign in to comment!
No comments posted yet!